[Event "*** Titled Tuesday Blitz"]
[Site "Chess.com"]
[Date "2021.02.16"]
[Round "1"]
[White "Taran2004"]
[Black "Infernal_XaM"]
[Result "0-1"]
[WhiteElo "2422"]
[BlackElo "2817"]
[TimeControl "180+1"]
[EndTime "10:05:08 PST"]
[Termination "Infernal_XaM won by checkmate"]

1. e4 e5 2. Nf3 Nc6 3. d4 exd4 4. Nxd4 Nf6 5. Nxc6 bxc6 6. e5 Qe7 7. Qe2 Nd5 8.
h4 Rb8 9. g3 Qc5 10. Bg2 Nb4 11. Nc3 Ba6 12. Qe4 Be7 13. Be3 Qa5 14. Bd2 O-O 15.
a3 d5 16. exd6 Bxd6 17. O-O-O Rfe8 18. Qg4 Nd3+ 19. cxd3 Qxa3 20. bxa3 Bxa3+ 21. Kc2 Rb2+ 22. Kc1 Bxd3 23. Bh6 Rxf2# 0-1

[Event "*** Titled Tuesday Blitz"]
[Site "Chess.com"]
[Date "2021.02.16"]
[Round "1"]
[White "BikingBrian"]
[Black "remi04"]
[Result "0-1"]
[WhiteElo "2324"]
[BlackElo "2622"]
[TimeControl "180+1"]
[EndTime "10:05:09 PST"]
[Termination "remi04 won by resignation"]

1. d4 d5 2. Bf4 Nf6 3. e3 e6 4. Nd2 Bd6 5. Bg3 O-O 6. Ngf3 c5 7. c3 Nc6 8. Bb5 Qe7 9. Bxc6 bxc6 10. Ne5 Bxe5 11.
dxe5 Nd7 12. Qa4 Bb7 13. O-O f6 14. exf6 gxf6 15. e4 Kh8 16. Rae1 Qg7 17. Nf3 Nb6 18.
Qc2 Ba6 19. Bd6 Rg8 20. g3 Bxf1 21. Kxf1 Qg4 22. Kg2 c4 23. h3 Qg6 24. Nh4 Qh5 25.
a4 Qxh4 26. a5 Nc8 27. e5 Nxd6 28. exd6 e5 0-1

[Event "*** Titled Tuesday Blitz"]
[Site "Chess.com"]
[Date "2021.02.16"]
[Round "1"]
[White "Superfelix"]
[Black "jcibarra"]
[Result "0-1"]
[WhiteElo "2443"]
[BlackElo "2898"]
[TimeControl "180+1"]
[EndTime "10:05:10 PST"]
[Termination "jcibarra won by resignation"]

1. e4 c5 2. Nf3 Nc6 3. Bb5 e5 4. Bxc6 dxc6 5. h3 Bd6 6. d3 Ne7 7. Nbd2 f6 8. Nc4 Bc7 9. a4 b6 10. a5 b5 11. Ne3 Bxa5+ 12. c3 Be6 13. O-O Bb6 14. Nh4 O-O 15. Kh1 Qd7 16. Qf3 Rad8 17.
Rd1 a5 18. g4 Bb3 19. Rd2 g6 20. Qg3 a4 21. f4 exf4 22. Qxf4 g5 23. Qf2 gxh4 24.
Qxh4 Qe6 25. Rg2 Rxd3 26. Nf5 Rd1+ 27. Kh2 Bc7+ 28. Ng3 Ng6 29. Qh6 Qxe4 30. h4 Bd5 31. Qd2 0-1

[Event "*** Titled Tuesday Blitz"]
[Site "Chess.com"]
[Date "2021.02.16"]
[Round "1"]
[White "biostatistician"]
[Black "Kingsman132"]
[Result "0-1"]
[WhiteElo "2609"]
[BlackElo "2364"]
[TimeControl "180+1"]
[EndTime "10:05:11 PST"]
[Termination "Kingsman132 won by resignation"]

1. d4 g6 2. c4 Bg7 3. Nc3 Nf6 4. e4 O-O 5. e5 Ne8 6. f4 d6 7. Nf3 c5 8. d5 Bg4 9. exd6 exd6 10. Bd3 Bd4 11.
h3 Bxf3 12. Qxf3 Nf6 13. Bd2 Re8+ 14. Kd1 Na6 15. a3 Nc7 16. Kc2 a6 17. g4 b5 18.
g5 b4 19. Ne4 Nxe4 20. Bxe4 Rb8 21. axb4 cxb4 22. Kb3 a5 23. Rxa5 f5 24. gxf6 Qxf6 25. Ra7 Bxa7 0-1

[Event "*** Titled Tuesday Blitz"]
[Site "Chess.com"]
[Date "2021.02.16"]
[Round "1"]
[White "HouseOfDurin"]
[Black "dragos420"]
[Result "0-1"]
[WhiteElo "2122"]
[BlackElo "2505"]
[TimeControl "180+1"]
[EndTime "10:05:12 PST"]
[Termination "dragos420 won by resignation"]

1. d4 Nf6 2. Bg5 d5 3. Bxf6 gxf6 4. e3 c5 5. c4 e6 6. dxc5 dxc4 7. Qxd8+ Kxd8 8. Bxc4 Bxc5 9. Nc3 Bd7 10. O-O-O Ke7 11.
Ne4 Bb6 12. Nd6 Bc6 13. Bb5 Bxg2 14. Nc4 Bxh1 15. Nxb6 axb6 16. f3 Nc6 17. Be2 Bg2 18.
a3 Rad8 19. Re1 Rd5 20. Bd1 Rhd8 21. Bc2 Rh5 22. h3 Bxh3 23. e4 e5 24. Bd1 Be6 25. f4 Rh4 26. f5 Bc4 27. Nf3 Rf4 28. Re3 Nd4 29. Nd2 Ba6 30. b4 Rc8+ 31. Kb2 Rf2 0-1

[Event "*** Titled Tuesday Blitz"]
[Site "Chess.com"]
[Date "2021.02.16"]
[Round "1"]
[White "OriTaichman"]
[Black "tusplingher"]
[Result "1-0"]
[WhiteElo "2532"]
[BlackElo "2136"]
[TimeControl "180+1"]
[EndTime "10:05:14 PST"]
[Termination "OriTaichman won by resignation"]

1. e4 c5 2. Nf3 g6 3. d4 cxd4 4. Qxd4 Nf6 5. Nc3 Nc6 6. Qa4 d6 7. e5 dxe5 8. Nxe5 Bd7 9. Nxd7 Qxd7 10. Be3 Bg7 11. Rd1 Qc8 12. Be2 O-O 13. O-O Rd8 14. Bf3 Qe6 15. Rxd8+ Nxd8 16. Nd5 Rc8 17. Nxf6+ Qxf6 18. Qe8+ Bf8 19. Bh6 Ne6 20. Qxc8 Qxb2 21. Bd5 Ng7 22.
Qxb7 e6 23. Qxb2 1-0

[Event "*** Titled Tuesday Blitz"]
[Site "Chess.com"]
[Date "2021.02.16"]
[Round "1"]
[White "noamapplesauce"]
[Black "alejogarcia1999"]
[Result "0-1"]
[WhiteElo "2113"]
[BlackElo "2503"]
[TimeControl "180+1"]
[EndTime "10:05:17 PST"]
[Termination "alejogarcia1999 won by resignation"]

1. e4 c5 2. Nf3 e6 3. d3 Nc6 4. g3 g6 5. Bg2 Bg7 6. c3 Nge7 7. Be3 d6 8. O-O O-O 9. a4 b6 10. Na3 Bb7 11. d4 cxd4 12. Nxd4 Rc8 13. Nab5 a6 14. Nxc6 Rxc6 15. Nd4 Rc8 16. Qb3 d5 17. Rfd1 Qc7 18. Ne2 dxe4 19. Bxb6 Qb8 20. Rd7 Bd5 21. Qb4 Nc6 22.
Qc5 Ne5 23. Rc7 Nd3 24. Qa5 Rxc7 25. Bxc7 Qxb2 26. Rf1 Qxe2 27. Qxa6 Bxc3 28. Bd6 Ra8 29. Qb5 Bd4 0-1

[Event "*** Titled Tuesday Blitz"]
[Site "Chess.com"]
[Date "2021.02.16"]
[Round "1"]
[White "IceBelka"]
[Black "bakki78"]
[Result "0-1"]
[WhiteElo "2383"]
[BlackElo "2722"]
[TimeControl "180+1"]
[EndTime "10:05:18 PST"]
[Termination "bakki78 won by checkmate"]

1. e4 c5 2. Nf3 Nc6 3. d4 cxd4 4. Nxd4 Nf6 5. Nc3 d6 6. Bg5 e6 7. Qd2 a6 8. O-O-O Bd7 9. f4 Be7 10. Nf3 b5 11. Bxf6 gxf6 12. Kb1 Qa5 13. f5 Rc8 14.
fxe6 fxe6 15. Bd3 Nb4 16. a3 Nc6 17. Qh6 b4 18. axb4 Qxb4 19. Nd2 Nd4 20. Na2 Qb6 21. Nc4 Qc5 22. c3 Nb3 23. e5 fxe5 24. Bxh7 Kd8 25.
Nxd6 Bxd6 26. Qg7 Kc7 27. Nb4 Ra8 28. Bc2 Rhg8 29. Nxa6+ Rxa6 30. Qxg8 Ra1# 0-1

[Event "*** Titled Tuesday Blitz"]
[Site "Chess.com"]
[Date "2021.02.16"]
[Round "1"]
[White "Chesswizard_2007"]
[Black "kekic76"]
[Result "1-0"]
[WhiteElo "2722"]
[BlackElo "2385"]
[TimeControl "180+1"]
[EndTime "10:05:24 PST"]
[Termination "Chesswizard_2007 won by resignation"]

1. Nf3 d5 2. c4 e6 3. e3 Nf6 4. Nc3 Be7 5. b3 O-O 6. Bb2 c5 7. Nxd5 exd5 8. cxd5 Bg4 9. Be2 Bd6 10. h3 Bxf3 11.
Bxf3 Nbd7 12. O-O Rc8 13. g3 Be5 14. Qc2 Bxb2 15. Qxb2 Qe7 16. Bg2 Qe5 17. Qxe5 Nxe5 18.
e4 c4 19. f4 Nd3 20. e5 Nd7 21. bxc4 Rxc4 22. Rf3 Nb4 23. Rc3 Rfc8 24. Rxc4 Rxc4 25.
d6 b6 26. a3 Na6 27. Bf1 Ra4 28. Bb5 Nac5 29. Bxa4 Nxa4 30. Rc1 Nac5 31. d4 Ne6 32. Rc8+ Ndf8 33. d5 Nc5 34. f5 g6 35. e6 gxf5 36. e7 1-0

[Event "*** Titled Tuesday Blitz"]
[Site "Chess.com"]
[Date "2021.02.16"]
[Round "1"]
[White "ybruned"]
[Black "Berardino"]
[Result "1-0"]
[WhiteElo "2321"]
[BlackElo "2589"]
[TimeControl "180+1"]
[EndTime "10:05:28 PST"]
[Termination "ybruned won by resignation"]

1. b3 c5 2. Bb2 d6 3. Nf3 e5 4. e3 f5 5. d4 cxd4 6. exd4 e4 7. Nfd2 d5 8. c4 Nf6 9. Nc3 Nc6 10.
Nxd5 Nxd5 11. cxd5 Nb4 12. Bc4 Nxd5 13. O-O Be7 14.
Nxe4 Be6 15. Nc3 Nxc3 16. Bxc3 Bxc4 17. bxc4 O-O 18. d5 Rc8 19. Qd4 Bf6 20. Qd3 Bxc3 21. Qxc3 b5 22. c5 Qxd5 23. Rfc1 Rc6 24. Rc2 Rfc8 25.
Rac1 h6 26. h3 a6 27. Qb4 Kh7 28. a4 Rb8 29. axb5 Rxb5 30. Qa4 Qd3 31. Rc3 Qd4 32. Qxd4 1-0

[Event "*** Titled Tuesday Blitz"]
[Site "Chess.com"]
[Date "2021.02.16"]
[Round "1"]
[White "RaneshRatnesan"]
[Black "Emeraldddd"]
[Result "0-1"]
[WhiteElo "2198"]
[BlackElo "2530"]
[TimeControl "180+1"]
[EndTime "10:05:28 PST"]
[Termination "Emeraldddd won by resignation"]

1. d4 Nf6 2. c4 g6 3. Nf3 Bg7 4. g3 O-O 5. Bg2 d6 6. O-O Nc6 7. Nc3 Bf5 8. Nh4 Bd7 9. h3 a6 10. b3 Rb8 11. Bb2 e5 12. dxe5 Nxe5 13. Rc1 Re8 14. e4 b5 15. cxb5 axb5 16. Nd5 Nxd5 17.
exd5 Bf6 18. Bxe5 Bxe5 19. Nf3 Bg7 20. Re1 Rxe1+ 21. Qxe1 Ra8 22. Qe2 b4 23. g4 Bc3 24.
Qc2 c5 25. dxc6 Bxc6 26. Rd1 Qf6 27. Rd3 Be4 0-1

[Event "*** Titled Tuesday Blitz"]
[Site "Chess.com"]
[Date "2021.02.16"]
[Round "1"]
[White "GOGIEFF"]
[Black "CroissantNeuf"]
[Result "1-0"]
[WhiteElo "2890"]
[BlackElo "2439"]
[TimeControl "180+1"]
[EndTime "10:05:29 PST"]
[Termination "GOGIEFF won by resignation"]

1. e4 c5 2. Nf3 e6 3. c3 d5 4. exd5 Qxd5 5. Na3 Nf6 6. d4 a6 7. Nc4 Nbd7 8. a4 cxd4 9. Nxd4 Bc5 10. Be3 O-O 11.
a5 b5 12. axb6 Nxb6 13. Nxb6 Bxb6 14. Be2 Bb7 15. Bf3 Ne4 16. O-O f5 17. Nxf5 Qxf5 18.
Bxb6 Qb5 19. Be3 Nxc3 20. bxc3 Rxf3 21. Rb1 1-0

[Event "*** Titled Tuesday Blitz"]
[Site "Chess.com"]
[Date "2021.02.16"]
[Round "1"]
[White "mr_gustavo"]
[Black "GM_Crest"]
[Result "0-1"]
[WhiteElo "2402"]
[BlackElo "2757"]
[TimeControl "180+1"]
[EndTime "10:05:32 PST"]
[Termination "GM_Crest won by checkmate"]

1. e4 e6 2. d4 d5 3. Nc3 Bb4 4. e5 c5 5. a3 Bxc3+ 6. bxc3 Qc7 7. Qg4 f6 8. Bf4 cxd4 9. Ne2 fxe5 10. Bg3 Nf6 11.
Qg5 Nc6 12. cxd4 Ne4 13. Qh5+ g6 14. Qf3 Qa5+ 15. c3 exd4 16. Rc1 e5 17. Qd3 Bf5 18. Bxe5 Nc5 19. Qg3 Nd3+ 20. Qxd3 Bxd3 21. Bxh8 Kd7 22. Bxd4 Bxe2 23. Kxe2 Nxd4+ 24. cxd4 Re8+ 25. Kd1 Qa4+ 26. Rc2 Qxd4+ 27. Rd2 Qa1+ 28. Kc2 Qa2+ 29. Kd1 Qb1# 0-1

[Event "*** Titled Tuesday Blitz"]
[Site "Chess.com"]
[Date "2021.02.16"]
[Round "1"]
[White "DrVelja"]
[Black "Kotofeyca"]
[Result "1-0"]
[WhiteElo "2877"]
[BlackElo "2439"]
[TimeControl "180+1"]
[EndTime "10:05:36 PST"]
[Termination "DrVelja won by resignation"]

1. Nf3 d5 2. g3 c6 3. Bg2 Bg4 4. O-O Nd7 5. b3 e5 6. d3 Bc5 7.
Bb2 Qe7 8. e4 dxe4 9. dxe4 f6 10. Qe1 Nh6 11. Nbd2 O-O 12. Nc4 Be6 13. Ne3 Bb4 14. Qe2 Rfd8 15. Nh4 Ba3 16. Bc3 Bb4 17. Bb2 Ba3 18. Bxa3 Qxa3 19. c3 Qc5 20. Rac1 a5 21.
Nhf5 Nxf5 22. exf5 Bf7 23. h4 Nb6 24. c4 a4 25. g4 axb3 26. axb3 Ra3 27. Rcd1 Rd4 28. Nc2 Ra2 29. Nxd4 Rxe2 30. Nxe2 h6 31. Ng3 Qb4 32. Rd8+ Kh7 33. g5 hxg5 34. hxg5 fxg5 35. Be4 Qxb3 36. Kg2 Qxc4 37. Rh1+ 1-0

[Event "*** Titled Tuesday Blitz"]
[Site "Chess.com"]
[Date "2021.02.16"]
[Round "1"]
[White "rachidhuilda"]
[Black "Neftegor"]
[Result "0-1"]
[WhiteElo "2276"]
[BlackElo "2588"]
[TimeControl "180+1"]
[EndTime "10:05:36 PST"]
[Termination "Neftegor won by checkmate"]

1. d4 Nf6 2. Bg5 d5 3. Bxf6 exf6 4. e3 Bd6 5. g3 O-O 6. Bg2 c6 7. Ne2 f5 8. Nd2 Nd7 9. O-O Nf6 10. c4 Be6 11.
Rc1 g6 12. Nf4 Bxf4 13. gxf4 dxc4 14. Nxc4 Qe7 15. a3 Rad8 16. b4 Nd5 17. Qc2 h6 18.
Ne5 Kh7 19. Qc5 Qh4 20. Qxa7 Rb8 21. Qc5 g5 22. fxg5 hxg5 23. Qd6 Rbd8 24. Qc5 Kg7 25. Qc2 Rh8 26. Nf3 Qh5 27. h3 f4 28. e4 Bxh3 29. exd5 Bxg2 30. Kxg2 Qg4# 0-1

[Event "*** Titled Tuesday Blitz"]
[Site "Chess.com"]
[Date "2021.02.16"]
[Round "1"]
[White "tigra"]
[Black "PowerThinking2650"]
[Result "1-0"]
[WhiteElo "2856"]
[BlackElo "2434"]
[TimeControl "180+1"]
[EndTime "10:05:37 PST"]
[Termination "tigra won by resignation"]

1. e4 e5 2. Nf3 Nc6 3. Bc4 Nf6 4. Ng5 d5 5. exd5 Na5 6. Bb5+ c6 7. dxc6 bxc6 8. Bf1 h6 9. Nh3 Bc5 10. d3 O-O 11. Nc3 Re8 12. Be3 Bxe3 13. fxe3 Qb6 14. Qd2 Qxb2 15. Rb1 Qa3 16. Nf2 Be6 17. Be2 Rad8 18. Nfd1 e4 19. d4 c5 20. Nb5 Qxa2 21. Ndc3 Nc4 22. Nxa2 Nxd2 23. Kxd2 Bxa2 24. Ra1 Be6 25. Rxa7 cxd4 26. Nxd4 Nd5 27. Rb1 Ne7 28. Bb5 Rf8 29. Rxe7 1-0

[Event "*** Titled Tuesday Blitz"]
[Site "Chess.com"]
[Date "2021.02.16"]
[Round "1"]
[White "McCarthyStone"]
[Black "francyIM"]
[Result "0-1"]
[WhiteElo "2365"]
[BlackElo "2681"]
[TimeControl "180+1"]
[EndTime "10:05:39 PST"]
[Termination "francyIM won on time"]

1. Nf3 d5 2. c4 e6 3. g3 dxc4 4. Bg2 Nf6 5. O-O Nbd7 6. Qa4 a6 7. Qxc4 b5 8. Qc2 Bb7 9. b3 Bd6 10. Bb2 O-O 11. d3 c5 12. Nbd2 Rc8 13. Rac1 Qb6 14. Qb1 Rfd8 15. Qa1 Bf8 16. Rc2 Nd5 17. a3 Ne7 18.
Rfc1 Nf5 19. Ne5 Bxg2 20. Kxg2 Nf6 21. b4 Qb7+ 22. Nef3 cxb4 23. Bxf6 gxf6 24. Ne4 Be7 25.
axb4 e5 26. Nc5 Bxc5 27. Rxc5 Rxc5 28. Rxc5 Nd4 29. Qa5 Rd7 30. h4 Nxf3 31. exf3 Rxd3 32. Qc7 Qxf3+ 33. Kh3 Qh1+ 34. Kg4 h5+ 0-1

[Event "*** Titled Tuesday Blitz"]
[Site "Chess.com"]
[Date "2021.02.16"]
[Round "1"]
[White "Taktikmonster"]
[Black "elohunter1999"]
[Result "0-1"]
[WhiteElo "2341"]
[BlackElo "2641"]
[TimeControl "180+1"]
[EndTime "10:05:41 PST"]
[Termination "elohunter1999 won by resignation"]

1. e4 c5 2. Nf3 Nc6 3. d4 cxd4 4. Nxd4 e5 5. Nb5 d6 6. N1c3 a6 7. Na3 b5 8. Nd5 Nge7 9. c4 Nxd5 10. cxd5 Nd4 11. Nc2 Bg4 12. f3 Qh4+ 13. g3 Nxf3+ 14.
Kf2 Qf6 15. Qd3 Rc8 16. Ne3 Nd4+ 17. Kg1 Bf3 18. Bg2 Bxg2 19. Nxg2 Rc2 20. Be3 Qf3 21. Nh4 Ne2+ 0-1

[Event "*** Titled Tuesday Blitz"]
[Site "Chess.com"]
[Date "2021.02.16"]
[Round "1"]
[White "Skillcam"]
[Black "catzapto"]
[Result "1-0"]
[WhiteElo "2503"]
[BlackElo "2113"]
[TimeControl "180+1"]
[EndTime "10:05:41 PST"]
[Termination "Skillcam won by resignation"]

1. d4 Nf6 2. Bg5 e6 3. Nd2 d5 4. e3 c5 5. c3 Nc6 6. Bd3 cxd4 7. exd4 Qb6 8. Rb1 Bd6 9. Ngf3 h6 10. Bh4 Nd7 11. O-O O-O 12. Re1 e5 13. dxe5 Ndxe5 14.
Bc2 Bg4 15. Bg3 Rfe8 16. b3 Nxf3+ 17. Nxf3 Rxe1+ 18. Qxe1 Bxf3 19. gxf3 Ne7 20. Qd2 Bxg3 21. hxg3 Rd8 22. Qd3 Ng6 23. Re1 Qf6 24. f4 d4 25.
c4 h5 26. Qf3 h4 27. Bd3 Ne5 28. Rxe5 1-0

[Event "*** Titled Tuesday Blitz"]
[Site "Chess.com"]
[Date "2021.02.16"]
[Round "1"]
[White "Ranindu2003"]
[Black "garfield_pg"]
[Result "0-1"]
[WhiteElo "2586"]
[BlackElo "2317"]
[TimeControl "180+1"]
[EndTime "10:05:42 PST"]
[Termination "garfield_pg won by checkmate"]

1. e4 c5 2. Nf3 a6 3. c4 Nc6 4. Nc3 d6 5. d4 cxd4 6. Nxd4 Nf6 7. f3 g6 8. Be3 Bg7 9. Be2 Nxd4 10.
Bxd4 O-O 11. O-O Qa5 12. a3 Be6 13. b4 Qc7 14. Rc1 Rfc8 15. Qd2 Qd7 16. Nd5 Bxd5 17. exd5 a5 18. Qe3 axb4 19. axb4 Ne8 20. Bxg7 Nxg7 21. c5 dxc5 22. bxc5 Qxd5 23. Bc4 Qd8 24. Rfd1 Qc7 25.
Bd5 e6 26. Be4 Nf5 27. Qb3 Ra5 28. c6 bxc6 29. Bxc6 Qa7+ 30. Kh1 Ng3+ 31. hxg3 Rh5# 0-1

[Event "*** Titled Tuesday Blitz"]
[Site "Chess.com"]
[Date "2021.02.16"]
[Round "1"]
[White "tlomigtlis"]
[Black "CalinGheorghiu"]
[Result "1-0"]
[WhiteElo "2613"]
[BlackElo "2313"]
[TimeControl "180+1"]
[EndTime "10:05:43 PST"]
[Termination "tlomigtlis won by checkmate"]

1. d4 Nf6 2. c4 g6 3. Nc3 Bg7 4. g3 O-O 5. Bg2 d6 6. Nf3 Nc6 7. O-O e5 8. d5 Nb8 9. e4 a5 10.
Ne1 Na6 11. Nd3 Nb4 12. Bg5 h6 13. Be3 Bd7 14. a3 Nxd3 15. Qxd3 Ng4 16. Bd2 f5 17. f4 exf4 18. Bxf4 Re8 19. Rad1 a4 20. exf5 Bxf5 21. Be4 Bxe4 22. Nxe4 Bxb2 23. Nxd6 Qf6 24. Nxe8 Rxe8 25. Bc1 Qb6+ 26. c5 Qxc5+ 27. Kg2 Ne5 28. Qe4 Bxc1 29. Rxc1 Qxa3 30. Qf4 Qa2+ 31. Qf2 Qxd5+ 32. Kg1 Nd3 33. Qf6 Nxc1 34. Qxg6+ Kh8 35. Qxe8+ Kg7 36. Qf8+ Kg6 37.
Rf6+ Kg5 38. Qxh6+ Kg4 39. Rf4# 1-0

[Event "*** Titled Tuesday Blitz"]
[Site "Chess.com"]
[Date "2021.02.16"]
[Round "1"]
[White "BlackGod93"]
[Black "SilviusTiberius"]
[Result "0-1"]
[WhiteElo "2247"]
[BlackElo "2562"]
[TimeControl "180+1"]
[EndTime "10:05:43 PST"]
[Termination "SilviusTiberius won by resignation"]

1. d4 Nf6 2. Nf3 e6 3. g3 d5 4. Bg2 Be7 5. O-O O-O 6. c4 dxc4 7. Qc2 a6 8. a4 Bd7 9. Qxc4 Bc6 10. Bf4 Nbd7 11.
Nc3 Nb6 12. Qd3 Nbd5 13. Bd2 Nxc3 14. bxc3 Be4 15. Qe3 Qd5 16. Rfc1 b5 17. h3 c5 18. Kh2 b4 19. cxb4 cxb4 20. a5 b3 21. Bc3 Rfc8 22.
Bb2 Rc2 23. Rxc2 bxc2 24. Qc3 Qb7 25. d5 Rc8 26. Qe5 Qxd5 27. Rc1 Bxf3 28. Bxf3 Qxe5 29. Bxe5 Ba3 30. Bb7 Bxc1 31. Bxc8 Bd2 32. Bb2 c1=Q 33. Bxc1 Bxc1 34. Bxa6 Bd2 35. Kg2 Bxa5 36. Kf3 Kf8 37. e3 Ke7 38. Bb5 e5 39. Bd3 e4+ 40. Bxe4 Nxe4 41.
Kxe4 Ke6 42. f4 f5+ 43. Kf3 Kd5 44. g4 g6 45. h4 Bb4 46. h5 Be7 47. hxg6 hxg6 48.
e4+ fxe4+ 49. Ke2 Kd4 50. Kd2 e3+ 51. Ke2 Ke4 52. f5 gxf5 53. gxf5 Bg5 54. f6 Bxf6 0-1

[Event "*** Titled Tuesday Blitz"]
[Site "Chess.com"]
[Date "2021.02.16"]
[Round "1"]
[White "barriochess"]
[Black "lilleper1"]
[Result "0-1"]
[WhiteElo "2427"]
[BlackElo "2836"]
[TimeControl "180+1"]
[EndTime "10:05:44 PST"]
[Termination "lilleper1 won by resignation"]

1. d4 Nf6 2. c4 e6 3. Nf3 Bb4+ 4. Bd2 a5 5. Nc3 O-O 6. Qc2 d5 7. cxd5 exd5 8. a3 Be7 9. Bf4 c6 10. e3 Bg4 11. Ne5 Bh5 12. Bd3 Nbd7 13. Bf5 Bg6 14.
O-O Nxe5 15. Bxe5 Bd6 16. Bxd6 Qxd6 17. Bxg6 fxg6 18. h3 Rae8 19. Rab1 g5 20. g3 g4 21. h4 Nh5 22. Ne2 Rf3 23. Nf4 Nxg3 24. fxg3 Rxg3+ 25.
Kh2 Rexe3 26. Qf5 Rh3+ 27. Kg1 Reg3+ 28. Kf2 Rf3+ 29. Ke2 Rh2+ 30. Ke1 Qe7+ 0-1

[Event "*** Titled Tuesday Blitz"]
[Site "Chess.com"]
[Date "2021.02.16"]
[Round "1"]
[White "Aleksey_Sorokin"]
[Black "Happy1712Drummer"]
[Result "1/2-1/2"]
[WhiteElo "2761"]
[BlackElo "2413"]
[TimeControl "180+1"]
[EndTime "10:05:44 PST"]
[Termination "Game drawn by repetition"]

1. d4 c6 2. Nf3 d5 3. c4 Nf6 4. e3 e6 5. Nc3 Nbd7 6. Qc2 Bb4 7.
Bd2 Qe7 8. Bd3 dxc4 9. Bxc4 b5 10. Bb3 Bb7 11. O-O Bd6 12. Rad1 Rc8 13. Rfe1 O-O 14. e4 e5 15. dxe5 Nxe5 16. Nxe5 Bxe5 17. a3 c5 18. Bd5 b4 19. Na4 Nxd5 20. exd5 Qd6 21.
h3 Qxd5 22. f3 Bd4+ 23. Be3 Qg5 24. Qf2 Bxe3 25. Rxe3 bxa3 26. Rxa3 c4 27. Qxa7 Bc6 28. Qf2 Rfd8 29. Re1 Rd2 30. Re2 Rd1+ 31. Re1 Rd2 32. Re2 Rd1+ 33. Re1 Rd2 1/2-1/2

[Event "*** Titled Tuesday Blitz"]
[Site "Chess.com"]
[Date "2021.02.16"]
[Round "1"]
[White "Grammnik"]
[Black "attack2mateU"]
[Result "0-1"]
[WhiteElo "2378"]
[BlackElo "2706"]
[TimeControl "180+1"]
[EndTime "10:05:45 PST"]
[Termination "attack2mateU won by resignation"]

1. d4 Nf6 2. Nf3 g6 3. c4 Bg7 4. Nc3 d5 5. cxd5 Nxd5 6. e4 Nxc3 7. bxc3 c5 8. Rb1 O-O 9. Be2 Nc6 10. d5 Ne5 11.
Nxe5 Bxe5 12. Qd2 e6 13. f4 Bc7 14. O-O exd5 15. exd5 Ba5 16. Rb3 Re8 17. Kh1 Qd6 18.
Ra3 Bd8 19. c4 Bf6 20. Bb2 Bxb2 21. Qxb2 b6 22. Bd3 f6 23. Rc3 Bd7 24. Rcc1 Re3 25.
Rce1 Rxd3 0-1

[Event "*** Titled Tuesday Blitz"]
[Site "Chess.com"]
[Date "2021.02.16"]
[Round "1"]
[White "stepakyedael"]
[Black "Ermito2020"]
[Result "1/2-1/2"]
[WhiteElo "2327"]
[BlackElo "2610"]
[TimeControl "180+1"]
[EndTime "10:05:46 PST"]
[Termination "Game drawn by agreement"]

1. d4 Nf6 2. c4 g6 3. Nc3 Bg7 4. e4 d6 5. f3 O-O 6. Be3 Nc6 7. Nge2 a6 8. Qd2 Rb8 9. Nc1 e5 10. d5 Nd4 11. Nb3 Nxb3 12. axb3 c5 13. b4 cxb4 14. Na4 b5 15. cxb5 axb5 16. Qxb4 Bd7 17. Nc3 Nh5 18.
Ra5 f5 19. Bxb5 fxe4 20. Nxe4 Bxb5 21. Rxb5 Rxb5 22. Qxb5 Qh4+ 23. g3 Qh3 24. Qf1 Qd7 25.
Qe2 Qf7 26. Nxd6 Qxd5 27. Qc4 Qxc4 28. Nxc4 Rxf3 29. Ke2 Rf8 30. Rd1 Rc8 31. b3 Rb8 32.
Rb1 Nf6 33. b4 Nd5 34. Bd2 e4 35. b5 Bd4 36. Rb3 e3 37. Bxe3 Bxe3 38. Nxe3 Rxb5 39. Rxb5 Nc3+ 40. Kd3 Nxb5 41. Kc4 Nc7 42. Kd4 1/2-1/2

[Event "*** Titled Tuesday Blitz"]
[Site "Chess.com"]
[Date "2021.02.16"]
[Round "1"]
[White "geordie_derraugh"]
[Black "EvgenyT"]
[Result "0-1"]
[WhiteElo "2464"]
[BlackElo "2937"]
[TimeControl "180+1"]
[EndTime "10:05:48 PST"]
[Termination "EvgenyT won by resignation"]

1. e4 d6 2. d4 g6 3. Nc3 Bg7 4. Nf3 Nf6 5. h3 O-O 6. Be3 c6 7. a4 a5 8. Be2 Na6 9. O-O Nb4 10. Re1 Qc7 11. Nd2 Rd8 12. f4 e5 13. Nf3 exd4 14.
Bxd4 Re8 15. Bc4 Be6 16. Bxe6 Rxe6 17. e5 dxe5 18. Bxe5 Qb6+ 19. Qd4 Qxd4+ 20. Nxd4 Ree8 21. Kf2 c5 22. Bxf6 Bxf6 23. Ndb5 Nxc2 24. Rxe8+ Rxe8 25. Rc1 Nd4 26. Nd6 Re7 27. Nd5 Re2+ 28. Kf1 Bh4 29.
Nxb7 Rf2+ 30. Ke1 Rxg2+ 31. Kd1 Rg1+ 32. Kd2 Nb3+ 0-1

[Event "*** Titled Tuesday Blitz"]
[Site "Chess.com"]
[Date "2021.02.16"]
[Round "1"]
[White "Faqade"]
[Black "Chesspirate_Channel"]
[Result "1-0"]
[WhiteElo "2682"]
[BlackElo "2358"]
[TimeControl "180+1"]
[EndTime "10:05:48 PST"]
[Termination "Faqade won by resignation"]

1. Nf3 d5 2. c4 Nf6 3. cxd5 Qxd5 4. Nc3 Qh5 5. d4 c6 6. Bf4 Bg4 7. Qb3 b6 8. Ne5 e6 9. f3 Bf5 10. e4 g5 11. g4 Qh6 12. gxf5 gxf4 13. Nxf7 Qh4+ 14.
Kd1 Rg8 15. Qxe6+ Be7 16. Nd6+ 1-0

[Event "*** Titled Tuesday Blitz"]
[Site "Chess.com"]
[Date "2021.02.16"]
[Round "1"]
[White "kuban1991"]
[Black "bsnsun"]
[Result "1/2-1/2"]
[WhiteElo "2876"]
[BlackElo "2449"]
[TimeControl "180+1"]
[EndTime "10:05:51 PST"]
[Termination "Game drawn by repetition"]

1. Nf3 d5 2. g3 c6 3. Bg2 Nf6 4. O-O Bg4 5. Ne5 Bf5 6. d4 Nbd7 7. c4 e6 8. Nc3 Bd6 9. Bf4 Be7 10. Qb3 Qb6 11.
Nxd7 Nxd7 12. e4 dxe4 13. Nxe4 O-O 14. Rfd1 Bg6 15. h3 Rfd8 16. Rac1 Qxb3 17. axb3 Nf6 18. Nc5 Bxc5 19. dxc5 Be4 20. Bxe4 Nxe4 21. b4 a5 22. bxa5 Nxc5 23. b4 Nd3 24. Rb1 Nxf4 25. gxf4 Kf8 26. Kf1 Rxd1+ 27. Rxd1 c5 28. b5 Rxa5 29. Rd7 Ra4 30.
Rxb7 Rxc4 31. Rc7 Rc1+ 32. Kg2 Rb1 33. Rxc5 Ke7 34. Rc7+ Kf6 35. Rb7 Rb4 36. Kf3 Rb3+ 37. Kg4 g6 38. f3 h5+ 39. Kg3 Rb2 40. b6 Kg7 41. h4 Kf6 42. Kh3 Kg7 43. Kg3 Kf6 44.
Kh3 Kg7 45. Kg3 1/2-1/2

[Event "*** Titled Tuesday Blitz"]
[Site "Chess.com"]
[Date "2021.02.16"]
[Round "1"]
[White "eldur16"]
[Black "Kapibara_Warri0r"]
[Result "1-0"]
[WhiteElo "2517"]
[BlackElo "2166"]
[TimeControl "180+1"]
[EndTime "10:05:51 PST"]
[Termination "eldur16 won by checkmate"]

1. c4 e5 2. g3 Nf6 3. Bg2 d5 4. cxd5 Nxd5 5. Nf3 Nc6 6. O-O Be7 7. d4 e4 8. Ne5 f5 9. Nxc6 bxc6 10. Qc2 Bb7 11. Rd1 O-O 12. Nc3 Rb8 13. Na4 Bg5 14. Nc5 Bc8 15. Bxg5 Qxg5 16. e3 Qf6 17. Rac1 g5 18. a3 Kh8 19. b4 f4 20. exf4 e3 21.
Ne4 exf2+ 22. Qxf2 Qg6 23. Nxg5 Bg4 24. Re1 Rbe8 25.
Rxe8 Rxe8 26. Re1 h6 27. Nf3 Bxf3 28. Bxf3 Nc3 29. Kg2 Rxe1 30. Qxe1 Qc2+ 31. Kh3 Qf5+ 32. Bg4 Qd3 33. Qe5+ Kg8 34. Be6+ Kf8 35. Qf6+ Ke8 36. Qf7+ Kd8 37. Qd7# 1-0

[Event "*** Titled Tuesday Blitz"]
[Site "Chess.com"]
[Date "2021.02.16"]
[Round "1"]
[White "Gnechko_Ruslan"]
[Black "JiiHart"]
[Result "0-1"]
[WhiteElo "2480"]
[BlackElo "2111"]
[TimeControl "180+1"]
[EndTime "10:05:51 PST"]
[Termination "JiiHart won by resignation"]

1. c4 e5 2. Nc3 Nf6 3. e3 d5 4. cxd5 Nxd5 5. a3 Nc6 6. Qc2 Nxc3 7.
bxc3 Be7 8. d4 O-O 9. Nf3 Bf6 10. Bb5 exd4 11. cxd4 Bd7 12. O-O Nxd4 13. Nxd4 Bxd4 14. Rb1 Bxb5 15. Rxb5 Bb6 16. Rd1 Qe7 17. Bb2 Rad8 18. Rh5 Rxd1+ 19. Qxd1 Rd8 20. Qc2 Qe4 21. Qc1 Qg4 22. Bd4 0-1